 Dungeon Crawl Stone Soup version 0.27.0-1-g7a089689b8 (webtiles) character file.

Game seed: 16890990477129984848

163 ZenoRockbell the Skirmisher (level 5, -4/42 HPs)
             Began as a Human Fighter on Aug 6, 2021.
             Killed from afar by a steam dragon (12 damage)
             ... with a ball of steam
             ... on level 4 of the Dungeon.
             The game lasted 00:10:52 (1175 turns).

ZenoRockbell the Skirmisher (Human Fighter)         Turns: 1175, Time: 00:10:53

Health: -4/42      AC:  9    Str: 13    XL:     5   Next: 72%
Magic:  4/4        EV:  7    Int: 13    God:
Gold:   114        SH:  8    Dex: 12    Spells: 4/4 levels left

rFire    . . .     SeeInvis .   e - +5 trident "Beodgh" {drain, Str-5 Int+5}
rCold    + . .     Faith    .   c - +0 kite shield
rNeg     . . .     Spirit   .   d - +2 scale mail {rC+}
rPois    +         Reflect  .   (no helmet)
rElec    .         Harm     .   (no cloak)
rCorr    .         Rampage  .   (no gloves)
Will     .....                  (no boots)
Stlth    ..........             (no amulet)
HPRegen  1.14/turn              (no ring)
MPRegen  0.09/turn              (no ring)

@: no status effects
A: low mp 1, poison resistance, regeneration 1
a: no special abilities


You were on level 4 of the Dungeon.
You visited 1 branch of the dungeon, and saw 4 of its levels.

You collected 114 gold pieces.

Inventory:

Hand Weapons
 a - a +0 long sword
 e - the +5 trident "Beodgh" (weapon) {drain, Str-5 Int+5}
   (You acquired it on level 3 of the Dungeon)

   A truly terrible weapon, it drains the life of any living foe it strikes.
   Str:       It affects your strength (-5).
   Int:       It affects your intelligence (+5).
Armour
 b - a +0 scale mail
 c - a +0 kite shield (worn)
 d - a +2 scale mail of cold resistance (worn)
Wands
 f - a wand of digging (5)
Potions
 h - a potion of magic {unknown}


   Skills:
 + Level 3.9 Fighting
 + Level 3.0 Long Blades
 + Level 0.9 Polearms
 + Level 3.7 Armour
 + Level 1.2 Dodging
 + Level 3.7 Shields


You had 4 spell levels left.
You didn't know any spells.
Your spell library was empty.

Dungeon Overview and Level Annotations

Branches:
Dungeon (4/15)
 Temple: D:4-7

Altars:


Innate Abilities, Weirdness & Mutations

Your magical capacity is low. (-10% MP)
Your system is resistant to poisons. (rPois)
Your natural rate of healing is unusually fast.


Message History

You open the door.
Found a stone staircase leading up.
There is an open door here.
There is a stone staircase leading up here.
There is an open door here.
You see here a +0 mace.
You open the door.
An adder comes into view.
The adder hisses angrily.
The adder bites you.
There is an open door here.
You hit the adder. You drain the adder.
The adder is almost dead.
The adder barely misses you. The adder bites you.
You hit the adder.
You kill the adder!
A steam dragon comes into view.
The steam dragon moves out of view.
The steam dragon breathes steam at you. The ball of steam hits you!
You hear a shout!
You are engulfed in a cloud of scalding steam.
Found a dagger.
You block the steam dragon's attack.
The steam dragon claws you but does no damage.
Found a book of Callings.
The steam dragon bites you but does no damage.
The steam dragon claws you but does no damage.
The steam dragon breathes steam at you. The ball of steam hits you!
* * * LOW HITPOINT WARNING * * *
You are engulfed in a cloud of scalding steam.
* * * LOW HITPOINT WARNING * * *
You are engulfed in a cloud of scalding steam.
* * * LOW HITPOINT WARNING * * *
It was a potion of curing.
You feel better.
You are engulfed in a cloud of scalding steam.
The steam dragon breathes steam at you. The ball of steam hits you!
You die...

##.# ##.#######
.......... ##'#######
....###### ....'....# #
....####.# # .
....####.# #.######.##.
....#....# #...@§.#....
....#....#######§§......
....#....##.....D...)...
.....###.##.####.......#
.......†.# #.......#
.....##### ####........
.....# #....####.:.
.....# #....# ...
########## #....# ..


You could see a steam dragon (catching breath).

Vanquished Creatures
  Ijyb (D:4)
  Terence (D:3)
  7 adders
  2 worms
  A dart slug (D:2)
  A ball python (D:4)
  5 endoplasms
  2 giant cockroaches
  4 hobgoblins
  6 jackals
  6 kobolds
  2 quokkas
  3 bats
  4 frilled lizards
  A goblin (D:2)
  2 rats
48 creatures vanquished.

Notes
Turn   | Place    | Note
-------+----------+-------------------------------------------
     0 | D:1      | ZenoRockbell the Human Fighter began the quest for the Orb.
     0 | D:1      | Reached XP level 1. HP: 18/18 MP: 1/1
   208 | D:2      | Reached XP level 2. HP: 24/24 MP: 2/2
   356 | D:2      | Reached XP level 3. HP: 21/29 MP: 3/3
   482 | D:2      | Reached XP level 4. HP: 8/35 MP: 4/4
   646 | D:3      | Gained mutation: Your magical capacity is low. (-10% MP)
                  | [potion of mutation]
   646 | D:3      | Gained mutation: Your natural rate of healing is unusually
                  | fast. [potion of mutation]
   646 | D:3      | Gained mutation: Your system is resistant to poisons.
                  | (rPois) [potion of mutation]
   661 | D:3      | Noticed Terence
   667 | D:3      | Killed Terence
   668 | D:3      | Reached skill level 1 in Dodging
   711 | D:3      | Reached XP level 5. HP: 41/41 MP: 4/4
   894 | D:3      | Identified a scroll of acquirement
   894 | D:3      | Acquired the +5 trident "Beodgh" {drain, Str-5 Int+5}
  1072 | D:4      | Noticed Ijyb
  1089 | D:4      | Killed Ijyb
  1165 | D:4      | Noticed a steam dragon
  1174 | D:4      | HP: 1/42 [something] (6)]
  1175 | D:4      | Killed from afar by a steam dragon

Illustrated notes

Levels and vault maps discovered:
D:1:      saegor_arrival_simple_a, layout_loops_cross,
          hellmonk_ecumenical_altar_defaced_shrine, minmay_tromino_i4
D:2:      layout_loops_ring, minmay_misc_feat_rugged, chequers_decorated_corner,
          serial_bayou_crossing
D:3:      layout_loops_cross, uniq_terence
D:4:      layout_basic, mainiacjoe_overflow_catwalk_spiral, serial_rivers,
          chequers_serial_rivers_large_a, chequers_serial_rivers_micro_c,
          chequers_serial_rivers_room_a, chequers_serial_rivers_micro_b,
          chequers_serial_rivers_room_b, uniq_pikel, uniq_ijyb

Skill      XL: |  1  2  3  4  5 |
---------------+----------------+-----
Dodging        | 1 |  1.2
Long Blades    | 3 |  3.0
Fighting       | |  3.9
Polearms       | |  0.9
Armour         | |  3.7
Shields        | |  3.7

Action                   |  1- 3 |  4- 6 || total
-------------------------+-------+-------++-------
Melee: Long sword        |    68 |    46 ||   114
       Trident           |       |    30 ||    30
  Use: Scroll            |       |     5 ||     5
       Potion            |       |     4 ||     4
Armor: Scale mail        |    32 |    48 ||    80
Dodge: Dodged            |    23 |    36 ||    59
Block: Kite shield       |    43 |    55 ||    98
       Rpst.: Long sword |     9 |     4 ||    13
